 Dungeon Crawl Stone Soup version 0.29-a0-472-ge5599a681e (webtiles) character file.

Game seed: 13589514784418548801

33 croobank the Skirmisher (level 3, -2/33 HPs)
             Began as a Hill Orc Fighter on May 23, 2022.
             Slain by Ijyb
             ... wielding a +0 club
              (3 damage)
             ... on level 2 of the Dungeon.
             The game lasted 00:03:22 (1232 turns).

croobank the Skirmisher (Hill Orc Fighter)          Turns: 1232, Time: 00:03:23

Health: -2/33      AC:  4    Str: 20    XL:     3   Next: 29%
Magic:  3/3        EV:  9    Int:  8    God:
Gold:   81         SH:  4    Dex: 10    Spells: 2/2 levels left

rFire   . . .      SeeInvis .   a - +0 war axe
rCold   . . .      Faith    .   c - +0 buckler
rNeg    . . .      Spirit   .   b - +0 scale mail
rPois   .          Reflect  .   (no helmet)
rElec   .          Harm     .   (no cloak)
rCorr   .          Rampage  .   (no gloves)
Will    .....                   (no boots)
Stlth   ..........              (no amulet)
HPRegen 0.11/turn               (no ring)
MPRegen 0.08/turn               (no ring)

@: mighty, hasted, very quick
A: claws 1, deformed body, wild magic 1
a: no special abilities


You were on level 2 of the Dungeon.
You visited 1 branch of the dungeon, and saw 2 of its levels.

You collected 81 gold pieces.

Inventory:

Hand Weapons
 a - a +0 war axe (weapon)
Missiles
 e - 142 stones (quivered)
Armour
 b - a +0 scale mail (worn)
 c - a +0 buckler (worn)
Scrolls
 g - 5 scrolls of magic mapping {unknown}
 h - a scroll of noise {unknown}
 i - 2 scrolls of immolation {unknown}
 j - a scroll of enchant weapon {unknown}
 n - a scroll of acquirement {unknown}


   Skills:
 + Level 4.0 Fighting
 + Level 3.3 Axes
 + Level 3.7 Armour
 + Level 3.6 Shields


You had 2 spell levels left.
You didn't know any spells.
Your spell library contained the following spells:

 Spells                   Type           Power      Damage    Failure   Level
 Freeze                   Ice            0%         1d3       89%         1
 Frozen Ramparts          Ice            0%         1d2       99%         3
 Hailstorm                Conj/Ice       0%         3d3       100%        4


Dungeon Overview and Level Annotations

Branches:
Dungeon (2/15)

Altars:

Annotations:
D:2 Ijyb


Innate Abilities, Weirdness & Mutations

You have sharp fingernails.
Armour fits poorly on your strangely shaped body.
Your spells are a little harder to cast, but a little more powerful.


Message History

Ijyb zaps a wand.
You barely resist.
You feel very mighty all of a sudden. Ijyb screams, "I no like you!"
Ijyb completely misses you.
You closely miss Ijyb.
Ijyb is heavily wounded.
Ijyb hits you with a +0 club!
You barely miss Ijyb.
Ijyb is heavily wounded.
Ijyb zaps a wand.
Your mind is blasted!
* * * LOW HITPOINT WARNING * * *
The now-empty wand crumbles to dust.
You closely miss Ijyb.
Ijyb is heavily wounded.
Ijyb hits you with a +0 club.
* * * LOW HITPOINT WARNING * * *
You barely miss Ijyb.
Ijyb is heavily wounded.
Ijyb hits you but does no damage.
You closely miss Ijyb.
Ijyb is heavily wounded.
You closely miss Ijyb.
Ijyb is heavily wounded.
Ijyb hits you but does no damage.
You closely miss Ijyb.
Ijyb is heavily wounded.
Ijyb hits you but does no damage.
You barely miss Ijyb.
Ijyb is heavily wounded.
Ijyb hits you but does no damage.
You closely miss Ijyb.
Ijyb is heavily wounded.
Ijyb hits you with a +0 club.
* * * LOW HITPOINT WARNING * * *
Okay, then.
As you read the scroll labelled KEEV NUFOT, it crumbles to dust.
The scroll dissolves into smoke.
It was a scroll of fog.
Ijyb screams, "You nasty!
Big nasty!"
Ijyb hits you with a +0 club.
You die...

##.........#########
.# #....#.##.#
#.#..#.##.#
#.#..#....#.g.g.g.
#.#.....(.#8.g...8
#.#.......#..g.g..
#......)§§#8..g..8
#.####.§§§#..!....
## #.§§@#8.....8
#.§§g#.....:.
#..§§§.......
##......##.##
#.#.....# #.#.#####
....# ##.### #.


You could see Ijyb.

Vanquished Creatures
  5 endoplasms (D:1)
  7 goblins
  2 hobgoblins (D:1)
  A quokka (D:1)
  3 bats (D:1)
  A frilled lizard (D:1)
  7 kobolds
  3 rats (D:1)
29 creatures vanquished.

Notes
Turn   | Place    | Note
-------+----------+-------------------------------------------
     0 | D:1      | croobank the Hill Orc Fighter began the quest for the Orb.
     0 | D:1      | Reached XP level 1. HP: 19/19 MP: 1/1
   164 | D:1      | Reached XP level 2. HP: 24/27 MP: 2/2
   764 | D:1      | Reached skill level 4 in Fighting
   764 | D:1      | Reached XP level 3. HP: 33/33 MP: 3/3
  1139 | D:2      | Noticed Ijyb
  1219 | D:2      | Gained mutation: Armour fits poorly on your strangely
                  | shaped body. [potion of mutation]
  1219 | D:2      | Gained mutation: You have sharp fingernails. [potion of
                  | mutation]
  1219 | D:2      | Gained mutation: Your spells are a little harder to cast,
                  | but a little more powerful. [potion of mutation]
  1231 | D:2      | HP: 1/33 [Ijyb/+0 club (4)]
  1232 | D:2      | Slain by Ijyb

Illustrated notes

Levels and vault maps discovered:
D:1:      shiori_arrival_maze, layout_basic
D:2:      kennysheep_the_goblin_king, layout_basic,
          ebering_ecumenical_altar_mist, wander_ebering_terrifying_dragon_lair

Skill      XL: |  1  2 |
---------------+-------+-----
Axes           | 3 |  3.3
Fighting       | 4 |  4.0
Armour         | |  3.7
Shields        | |  3.6

Action                   || total
-------------------------++-------
Melee: War axe           ||    82
  Use: Potion            ||     4
       Scroll            ||     1
Armor: Scale mail        ||    45
Dodge: Dodged            ||    34
Block: Buckler           ||    14

Table legend: (Time is in decaauts)
 A = Elapsed time spent in this place.
 B = Non-inter-level travel time spent in this place.
 C = Inter-level travel time spent in this place.
 D = Time resting spent in this place.
 E = Time spent auto-exploring this place.
 F = Levels seen in this place.
 G = Mean time per level.
                   A        B        C        D        E       F      G
               +--------+--------+--------+--------+--------+-----+--------+
         Total |   1257 |   1239 |     18 |      0 |    979 |   2 |  628.5 |
       Dungeon |   1257 |   1239 |     18 |      0 |    979 |   2 |  628.5 |
               +--------+--------+--------+--------+--------+-----+--------+

Top non-repeatable levels by time:
     D:1: 1116 daAuts
     D:2: 141 daAuts
